 Dungeon Sprint DCSS version 0.27-a0-1202-ge72e49191c (webtiles) character file.

Game seed: 12301334973681392971

26 mhtbhm the Charlatan (level 2, -7/21 HPs)
             Began as a Demonspawn Artificer on June 4, 2021.
             Mangled by an ogre
             ... wielding a +0 giant spiked club
              (28 damage)
             ... in the Dungeon (Sprint I: "Red Sonja").
             The game lasted 00:00:35 (197 turns).

mhtbhm the Charlatan (Demonspawn Artificer)          Turns: 197, Time: 00:00:36

Health: -7/21      AC:  3    Str: 12    XL:     2   Next: 89%
Magic:  2/2        EV: 11    Int: 12    God:
Gold:   0          SH:  0    Dex: 13    Spells: 1/1 levels left

rFire    . . .     SeeInvis .   a - +0 club
rCold    . . .     Faith    .   (no shield)
rNeg     . . .     Spirit   .   b - +0 leather armour
rPois    .         Reflect  .   (no helmet)
rElec    .         Harm     .   (no cloak)
rCorr    .         Rampage  .   (no gloves)
Will     .....     NoTele   +   (no boots)
Stlth    ++........             (no amulet)
HPRegen  0.07/turn              (no ring)
MPRegen  0.08/turn              (no ring)

@: no status effects
A: spiny 1
a: no special abilities


You were in the Dungeon.
You visited 1 branch

Inventory:

Hand Weapons
 a - a +0 club (weapon)
Armour
 b - a +0 leather armour (worn)
Wands
 c - a wand of flame (12) (quivered)
 d - a wand of charming (15)
Scrolls
 k - a scroll of blinking
Potions
 f - a potion of curing
 g - a potion of heal wounds
 h - a potion of haste
 i - 2 potions of magic
 j - a potion of berserk rage
Miscellaneous
 e - a piece from Xom's chessboard (13/15)


   Skills:
 + Level 1.3 Fighting
 + Level 0.9 Maces & Flails
 + Level 2.6 Armour
 + Level 1.0 Dodging
 + Level 2.7 Stealth
 + Level 5.1 Evocations


You had one spell level left.
You didn't know any spells.
Your spell library was empty.

Dungeon Overview and Level Annotations

Branches:
Dungeon (1/1)

Altars:


Innate Abilities, Weirdness & Mutations

You are partially covered in sharp spines.


Message History

The puff of flame hits the ogre.
The ogre is lightly wounded.
Unknown command.
Aiming: Throw Flame
Press: ? - help, Shift-Dir - straight line, f/p - ogre
Aim: an ogre, wielding a +0 giant spiked club (lightly wounded, petrifying slowly, 100% to hit)
The puff of flame hits the ogre.
The ogre is lightly wounded.
Unknown command.
Unknown command.
The ogre stops moving altogether!
There is an open door, spattered with blood here.
Things that are here:
a +0 club; a +0 leather armour You make a move on Xom's chessboard...
Nothing appears to happen.
The helpless ogre fails to defend itself.
You hit the ogre but do no damage.
The ogre is lightly wounded.
The helpless ogre fails to defend itself.
You hit the ogre.
The ogre is lightly wounded.
The helpless ogre fails to defend itself.
You hit the ogre.
The ogre is lightly wounded.
The helpless ogre fails to defend itself.
You hit the ogre.
The ogre is lightly wounded.
The helpless ogre fails to defend itself.
You hit the ogre.
The ogre is moderately wounded.
The ogre is no longer petrified.
The ogre barely misses you. The ogre is struck by your spines.
The ogre barely misses you.
You barely miss the ogre.
The ogre is moderately wounded.
The ogre closely misses you.
You hit the ogre.
The ogre is heavily wounded.
The ogre hits you with a +0 giant spiked club!!
Ouch! That really hurt!
You die...

##########
#<.#@O'..#
#..)..#..+
#..#### +#
#..# #..#
#..# #⌠⌠#
####


You could see an ogre (fast).

Vanquished Creatures
  Ijyb (D)
1 creature vanquished.

Notes
Turn   | Place    | Note
-------+----------+-------------------------------------------
     0 | D        | mhtbhm the Demonspawn Artificer began the quest for the
                  | Orb.
     0 | D        | Reached XP level 1. HP: 15/15 MP: 1/1
     2 | D        | Noticed Ijyb
    13 | D        | Killed Ijyb
    14 | D        | Reached skill level 1 in Dodging
    14 | D        | Reached skill level 5 in Evocations
    14 | D        | Gained mutation: You are partially covered in sharp spines.
                  | [demonic ancestry]
    14 | D        | Reached XP level 2. HP: 21/21 MP: 2/2
   183 | D        | Noticed an ogre
   197 | D        | Mangled by an ogre

Illustrated notes

Levels and vault maps discovered:
D:        dungeon_sprint_1 [red_sonja_temple_1, red_sonja_temple_small_1]

Skill      XL: |  1 |
---------------+----+-----
Armour         | 2 |  2.6
Dodging        | 1 |  1.0
Stealth        | 2 |  2.7
Evocations     | 5 |  5.1
Fighting       | |  1.3
Maces & Flails | |  0.9

Action                   || total
-------------------------++-------
Melee: Club              ||    14
Evoke: Piece from Xom's  ||     5
       Wand              ||     3
 Stab: Paralysed         ||     7
       Petrified         ||     5
Armor: Leather armour    ||     1
Dodge: Dodged            ||     3

Table legend: (Time is in decaauts)
 A = Elapsed time spent in this place.
 B = Non-inter-level travel time spent in this place.
 C = Inter-level travel time spent in this place.
 D = Time resting spent in this place.
 E = Time spent auto-exploring this place.
 F = Levels seen in this place.
 G = Mean time per level.
                   A        B        C        D        E       F      G
               +--------+--------+--------+--------+--------+-----+--------+
         Total |    200 |    200 |      0 |    165 |      0 |   1 |  200.0 |
       Dungeon |    200 |    200 |      0 |    165 |      0 |   1 |  200.0 |
               +--------+--------+--------+--------+--------+-----+--------+

Top non-repeatable levels by time:
       D: 200 daAuts
